Selects Australian Defense Battlegroup
Selects Australian Light Infantry Section
Australian Light Infantry Section
Selects Defensive Tactics
Construct Section Command Post
Construct Field Infirmary
Australian Light Infantry Section
Selects CMP 15cwt Supply Run
Selects Reinforced Resource Caches
Australian Light Infantry Section
Selects Archer Tank Destroyer
Australian Light Infantry Section
Australian Light Infantry Section
Construct Platoon Command Post